 Dungeon Crawl Stone Soup version 0.20.1-1-g8b1a95d (webtiles) character file.

403 MJtheKandyman the Cleaver (level 6, -1/51 HPs)
             Began as a Minotaur Fighter on Dec 27, 2017.
             Killed by divine providence
             ... invoked by an orc priest
              (15 damage)
             ... on level 4 of the Dungeon.
             The game lasted 00:08:53 (3193 turns).

MJtheKandyman the Cleaver (Minotaur Fighter)        Turns: 3193, Time: 00:08:55

Health: -1/51      AC:  6    Str: 28    XL:     6   Next: 55%
Magic:  5/5        EV:  7    Int:  5    God:
Gold:   141        SH: 10    Dex:  9    Spells: 5/5 levels left

rFire    . . .     SeeInvis .   a - +0 war axe
rCold    . . .     Gourm    .   c - +0 shield
rNeg     . . .     Faith    .   b - +0 scale mail
rPois    .         Spirit   .   (helmet restricted)
rElec    .         Reflect  .   (no cloak)
rCorr    .         Harm     .   (no gloves)
MR       .....                  (no boots)
Stlth    ..........             (no amulet)
Regen    0.2/turn               (no ring)
MPRegen  0.1/turn               (no ring)

@: mighty
A: retaliatory headbutt, horns 2
a: no special abilities


You were on level 4 of the Dungeon.
You were hungry.

You visited 1 branch of the dungeon, and saw 4 of its levels.

You collected 141 gold pieces.

Inventory:

Hand Weapons
 a - a +0 war axe (weapon)
 k - a +0 dagger of electrocution
 p - a +2 dagger of speed
Armour
 b - a +0 scale mail (worn)
 c - a +0 shield (worn)
 h - a +2 chain mail of positive energy
 o - a +0 ring mail
 w - a +1 robe of positive energy
 y - a +0 robe
Scrolls
 e - 6 scrolls of identify {unknown}
 m - 2 scrolls of amnesia {unknown}
 n - 2 scrolls of enchant weapon {unknown}
 r - 2 scrolls of teleportation {unknown}
 s - a scroll of magic mapping {unknown}
 t - a scroll of recharging {unknown}
Potions
 i - 2 potions of curing {unknown}
 j - a potion of lignification {unknown}
 q - a potion of agility {unknown}
 u - a potion of degeneration {unknown}
 v - a potion of invisibility {unknown}
 x - a potion of heal wounds {unknown}
Comestibles
 f - 3 bread rations
 g - a royal jelly
 l - a meat ration


   Skills:
 - Level 3.6 Fighting
 + Level 8.5 Axes
 - Level 3.6 Armour
 - Level 3.6 Shields


You had 5 spell levels left.
You didn't know any spells.

Dungeon Overview and Level Annotations

Branches:
Dungeon (4/15)
 Temple: D:4-7

Altars:
Cheibriados
Dithmenos
Elyvilon
Nemelex Xobeh
Xom

Shops:
D:4 (


Innate Abilities, Weirdness & Mutations

You reflexively headbutt those who attack you in melee.
You have a pair of horns on your head.


Message History

The phantom is severely damaged.
You block the phantom's attack.
You slash the phantom!
The phantom is almost destroyed.
The phantom hits you but does no damage.
The orc priest looks satisfied for a moment.
You miss the phantom.
The phantom is almost destroyed.
The phantom blinks!
The orc priest calls down the wrath of Beogh upon you.
Beogh smites you!
* * * LOW HITPOINT WARNING * * *
The phantom blinks!
An iguana comes into view.
You feel very mighty all of a sudden.
The iguana hisses angrily.
You block the orc's attack.
The orc priest calls down the wrath of Beogh upon you.
Beogh smites you!
You die...

#.........?.(........
#....................
##..........?........ ..#.
##....>...W........ .....#
...............#..# #.#...##
.........#......##.## .......
..........#.....ยง.#..#####...>.
...........l.#.................
.....#.@##.....###......
#..#.#o######..####..... .. # #o
#....##....# . oo ##.#..#....#
#o# #.##.#....# [. #..#.#....#
... ##...#....# .#. ##........
#####.....##


You could see a phantom, an iguana, an orc priest and 4 orcs.

Vanquished Creatures
  Blork the orc (D:4)
  A scorpion (D:4)
  2 hounds (D:4)
  An orc wizard (D:4)
  An iguana (D:4)
  2 worker ants
  4 adders
  A worm (D:3)
  3 dart slugs (D:1)
  2 leopard geckos (D:3)
  4 orcs
  6 bats
  2 giant cockroaches (D:1)
  4 goblins
  7 hobgoblins
  9 jackals
  11 kobolds
  3 quokkas
  2 ball pythons
  5 frilled lizards
  7 rats
78 creatures vanquished.

Notes
Turn   | Place    | Note
-------+----------+-------------------------------------------
     0 | D:1      | MJtheKandyman the Minotaur Fighter began the quest for the Orb.
     0 | D:1      | Reached XP level 1. HP: 19/19 MP: 0/0
   150 | D:1      | Reached skill level 3 in Axes
   367 | D:1      | Reached XP level 2. HP: 26/26 MP: 1/1
   511 | D:1      | Reached skill level 4 in Axes
   587 | D:1      | Reached XP level 3. HP: 31/31 MP: 2/2
  1595 | D:3      | Reached skill level 5 in Axes
  1797 | D:3      | Found a white marble altar of Elyvilon.
  1797 | D:3      | Found a shadowy altar of Dithmenos.
  1798 | D:3      | Found a snail-covered altar of Cheibriados.
  1799 | D:3      | Found a shimmering altar of Xom.
  1799 | D:3      | Found a sparkling altar of Nemelex Xobeh.
  1861 | D:3      | Reached XP level 4. HP: 36/39 MP: 3/3
  2230 | D:4      | Reached skill level 6 in Axes
  2425 | D:4      | Noticed Blork the orc
  2443 | D:4      | Killed Blork the orc
  2443 | D:4      | Reached XP level 5. HP: 32/45 MP: 4/4
  2451 | D:4      | Noticed a phantom
  2558 | D:3      | Reached skill level 7 in Axes
  2842 | D:4      | Reached XP level 6. HP: 39/51 MP: 5/5
  2865 | D:4      | Found Rumnykust's Weapon Shop.
  2877 | D:4      | Reached skill level 8 in Axes
  3193 | D:4      | Killed from afar by an orc priest

Skill      XL: |  1  2  3  4  5  6 |
---------------+-------------------+-----
Axes           | 3 4 5 6 7 8 |  8.5
Fighting       | |  3.6
Armour         | |  3.6
Shields        | |  3.6

Action                   |  1- 3 |  4- 6 || total
-------------------------+-------+-------++-------
Melee: War axe           |   119 |   112 ||   231
       Headbutt          |    14 |    17 ||    31
  Use: Potion            |       |     1 ||     1
  Eat: Chunk             |     2 |     5 ||     7
Armor: Scale mail        |    50 |    41 ||    91
Dodge: Dodged            |    42 |    28 ||    70
Block: Shield            |    63 |    62 ||   125
